AoeStats
← Nopec

Black Forest

506366768Analyzed
4v4 RM · 20d ago on Sep 13, 2026· 50m 34s· 8 players
Game mode
Random Map
Map size
Large (8 player)
Population
200
Speed
Normal
Resources
Standard
Victory
Conquest
Starting age
Dark Age
Ending age
Imperial Age
RankedLock teamsTeams togetherTeam positionsShared explorationLock speedFull tech treeHidden civsTurbo modeCheats
Victory
Defeat
🇩🇪 Khitans · Germany
755
+12
🇧🇩 Bengalis · Bangladesh
686
+15
🇦🇺 Lithuanians · Australia
619
+18
🇧🇩 Romans · Bangladesh
565
+20
🇨🇳 Turks · China
746
-19
🇨🇳 Spanish · China
688
-17
🇨🇳 Franks · China
632
-15
🇭🇰 Britons · Hong Kong SAR China
603
-14
DrakeTheThief
0:28 Loom
12:37 Feudal Age
23:06 Castle Age
21:28 Horse Collar
21:41 Stone Mining
21:43 Gold Mining
22:16 Double-Bit Axe
22:28 Fletching
23:54 Heavy Plow
24:54 Stone Shaft Mining
27:16 Bow Saw
30:30 Caravan
33:29 Imperial Age
30:47 Town Watch
32:19 Wheelbarrow
31:47 Town Patrol
34:01 Forging
33:51 Scale Mail Armor
33:56 Scale Barding Armor
34:53 Herbal Medicine
35:26 Hand Cart
35:41 Conscription
34:42 Elite Conquistador
36:08 Bodkin Arrow
36:13 Padded Archer Armor
37:25 Bloodlines
37:16 Husbandry
36:38 Cavalier
38:06 Pikeman
38:47 Squires
38:56 Light Cavalry
42:19 Halberdier
44:30 Paladin
51:30 Iron Casting
51:10 Chain Mail Armor
51:15 Chain Barding Armor
50:56 Bracer
51:11 Leather Archer Armor
Queen
0:35 Loom
13:35 Feudal Age
15:32 Wheelbarrow
14:39 Horse Collar
15:09 Double-Bit Axe
25:07 Forging
24:47 Fletching
27:08 Scale Mail Armor
27:09 Padded Archer Armor
27:15 Scale Barding Armor
27:12 Gold Mining
27:16 Stone Mining
31:12 Castle Age
32:32 Hand Cart
32:22 Heavy Plow
32:39 Bow Saw
33:14 Gold Shaft Mining
32:43 Caravan
37:44 Pikeman
37:52 Crossbowman
38:48 Husbandry
38:09 Light Cavalry
48:07 Imperial Age
2824533090
11:37 Feudal Age
13:59 Gold Mining
13:59 Double-Bit Axe
17:29 Stone Mining
23:03 Castle Age
21:28 Fletching
24:05 Bow Saw
24:32 Gold Shaft Mining
28:35 Man-at-Arms
32:15 Wheelbarrow
31:45 Squires
31:48 Scale Mail Armor
31:57 Husbandry
32:37 Long Swordsman
39:40 Imperial Age
37:28 Hand Cart
37:01 Town Watch
39:38 #83
40:05 Gambesons
40:12 Arson
40:09 Cavalier
43:53 Paladin
44:34 Pikeman
47:01 Halberdier
YellowyGnu8986
1:28 Loom
14:18 Feudal Age
19:08 Castle Age
17:49 Horse Collar
19:56 Wheelbarrow
23:33 Double-Bit Axe
23:52 Heavy Plow
25:27 Bow Saw
27:41 Hand Cart
35:54 Imperial Age
34:55 Stone Mining
34:59 Gold Mining
35:23 Forging
35:05 Fletching
35:16 Padded Archer Armor
35:51 Ballistics
35:34 Squires
35:20 Arson
36:55 Conscription
36:40 Artillery
38:14 Two-Man Saw
38:22 Iron Casting
37:43 Bodkin Arrow
38:03 Leather Archer Armor
38:57 Thumb Ring
40:13 Blast Furnace
40:22 Artillery
40:35 Elite Janissary
41:21 Bracer
41:52 Ring Archer Armor
42:59 Gold Shaft Mining
K9EIN࿐DADDY
14:21 Feudal Age
15:56 Horse Collar
18:45 Wheelbarrow
19:32 Double-Bit Axe
20:16 Padded Archer Armor
23:43 Castle Age
22:12 Scale Barding Armor
25:09 Bow Saw
25:03 Heavy Plow
27:18 Leather Archer Armor
27:24 Chain Barding Armor
28:11 Hand Cart
32:11 Ballistas
32:34 Gold Mining
32:34 Stone Mining
32:32 Fishing Lines
36:05 Caravan
36:35 Coinage
42:34 Imperial Age
43:14 Heavy Scorpion
45:00 Chemistry
44:06 Siege Engineers
44:37 Ring Archer Armor
44:43 Plate Barding Armor
44:17 Elite Centurion
44:59 Gillnets
46:13 Comitatenses
Nopec
2:27 Loom
13:06 Feudal Age
13:29 Domestication
13:38 Double-Bit Axe
20:01 Wheelbarrow
22:13 Castle Age
20:43 Stone Mining
20:46 Gold Mining
24:35 Fletching
24:45 Scale Mail Armor
24:55 Forging
24:52 Scale Barding Armor
26:55 Town Watch
27:28 Hand Cart
28:48 Iron Casting
28:33 Chain Barding Armor
28:08 Bodkin Arrow
29:51 Elite Skirmisher
30:38 Padded Archer Armor
30:35 Bodkin Arrow
32:40 Bow Saw
34:11 Pastoralism
34:54 Thumb Ring
35:10 Leather Archer Armor
35:33 Town Patrol
39:08 Imperial Age
36:44 Caravan
38:36 Lamellar Armor
39:07 Ballistics
38:43 Murder Holes
39:58 Stone Shaft Mining
39:27 Husbandry
39:29 Squires
39:14 Arson
39:34 Scale Mail Armor
39:54 Chain Barding Armor
39:52 Heavy Cavalry Archer
40:59 Parthian Tactics
40:50 Light Cavalry
40:59 Elite Steppe Lancer
42:23 Transhumance
43:59 Chemistry
43:06 Siege Engineers
43:19 Bracer
48:18 Ordo Cavalry
48:35 Conscription
Good Knight
10:59 Feudal Age
9:17 Loom
11:40 Double-Bit Axe
11:38 Horse Collar
12:20 Town Watch
13:15 Wheelbarrow
12:26 Town Watch
21:22 Castle Age
19:52 Stone Mining
21:00 Gold Mining
22:43 Stone Shaft Mining
23:58 Heavy Plow
24:12 Bow Saw
32:16 Imperial Age
30:47 Forging
33:38 Fletching
35:05 Hand Cart
35:09 Town Patrol
35:35 Conscription
36:48 Ballistics
37:29 Chemistry
36:13 Elite Leitis
36:27 Elite Skirmisher
39:06 Masonry
38:39 Treadmill Crane
39:48 Tower Shields
41:05 Iron Casting
41:29 Fortified Wall
Romel
5:13 Loom
10:08 Feudal Age
11:24 Wheelbarrow
10:33 Horse Collar
10:40 Double-Bit Axe
12:31 Loom
19:21 Castle Age
19:05 Gold Mining
21:14 Gold Shaft Mining
20:29 Stone Mining
20:54 Bow Saw
20:46 Heavy Plow
21:23 Hand Cart
30:53 Imperial Age
30:52 Forging
30:48 Scale Barding Armor
30:49 Squires
31:03 Paiks
31:19 Bloodlines
31:09 Husbandry
32:27 Guilds
33:56 Iron Casting
33:12 Fletching
33:55 Chain Barding Armor
33:35 Padded Archer Armor
33:00 Elite Battle Elephant
35:48 Blast Furnace
34:49 Scale Mail Armor
35:42 Conscription
35:49 Bodkin Arrow
37:11 Leather Archer Armor
37:08 Elite Elephant Archer
43:20 Bracer
43:56 Plate Barding Armor
43:52 Ring Archer Armor
45:12 Chemistry
44:32 Ballistics
44:18 Siege Engineers
Connection lost

Rejoining the realm…

Still unreachable

The connection could not be restored.

Session expired

The server has moved on; the page needs a fresh start.